 Dungeon Crawl Stone Soup version 0.25-a0-35-g747a2b3c0c (webtiles) character file.

Game seed: 18315309788438467040, levelgen mode: deterministic

228 Arixos the Distorting Demonspawn (level 5, -1/37 HPs)
             Began as a Demonspawn Abyssal Knight on Oct 18, 2019.
             Was a Believer of Lugonu.
             Slain by Grinder (6 damage)
             ... on level 3 of the Dungeon.
             The game lasted 00:13:34 (2159 turns).

Arixos the Distorting Demonspawn (DsAK)             Turns: 2159, Time: 00:13:34

Health: -1/37      AC: 12    Str: 19    XL:     5   Next: 71%
Magic:  0/8        EV:  8    Int: 13    God:    Lugonu [**....]
Gold:   150        SH:  0    Dex: 12    Spells: 4/4 levels left

rFire    + . .     SeeInvis .   j - +0 whip (venom)
rCold    . . .     Gourm    .   (no shield)
rNeg     . . .     Faith    .   g - +0 chain mail
rPois    +         Spirit   +   (no helmet)
rElec    .         Reflect  .   (no cloak)
rCorr    .         Harm     .   (no gloves)
MR       .....                  (no boots)
Stlth    ..........             (no amulet)
HPRegen  0.12/turn              f - ring of poison resistance
MPRegen  0.11/turn              n - ring of protection from fire

@: mighty
A: yellow scales 2, frail 1, magic shield
a: Depart the Abyss, Bend Space, Renounce Religion


You were on level 3 of the Dungeon.
You worshipped Lugonu.
Lugonu was pleased with you.
You were not hungry.

You visited 1 branch of the dungeon, and saw 3 of its levels.
You visited the Abyss 1 time.

You collected 150 gold pieces.

Inventory:

Hand Weapons
 j - a +0 whip of venom (weapon)
Missiles
 a - 30 poisoned darts (quivered)
Armour
 g - a +0 chain mail (worn)
Jewellery
 f - a ring of poison resistance (left hand)
 h - an uncursed ring of see invisible
 n - a ring of protection from fire (right hand)
Scrolls
 c - 3 scrolls of magic mapping {unknown}
 d - a scroll of holy word {unknown}
 i - 2 scrolls of identify {unknown}
 m - a scroll of enchant armour {unknown}
 r - a scroll of blinking {unknown}
 s - 3 scrolls of teleportation {unknown}
Potions
 k - a potion of curing
Comestibles
 b - 4 rations
 l - 3 chunks of flesh


   Skills:
 + Level 4.1 Fighting
 + Level 3.1 Armour
 + Level 2.5 Dodging
 - Level 1.7 Unarmed Combat
 + Level 4.4 Invocations


You had 4 spell levels left.
You didn't know any spells.
Your spell library was empty.

Dungeon Overview and Level Annotations

Branches:
Dungeon (3/15)

Altars:

Annotations:
D:3 Grinder


Innate Abilities, Weirdness & Mutations

You are mostly covered in yellow scales. (AC +3)
When hurt, damage is shared between your health and your magic reserves.
You are frail. (-10% HP)


Message History

Your chain mail prevents you from hitting Grinder.
Grinder gestures at you. You resist with significant effort.
Grinder barely misses you.
You barely miss Grinder. Grinder hits you!
* * * LOW HITPOINT WARNING * * *
You writhe in agony.
* * * LOW HITPOINT WARNING * * *
You whack Grinder!
Grinder is poisoned.
Grinder is moderately wounded.
Grinder blinks!
Grinder gestures at you. Pain shoots through your body!
* * * LOW HITPOINT WARNING * * *
Grinder hits you but does no damage.
You whack Grinder!
Grinder is severely wounded.
Grinder hits you.
* * * LOW HITPOINT WARNING * * *
You writhe in agony.
You die...

########
.......#### ##.
#....##
#....#####.###.#
........@5.# #.#
.....#####.###.#
##. #....##
.....#.##
######.#
#.###### #
#......# .
######.# . #+##
#######.#


You could see Grinder.

Vanquished Creatures
  Jessica (D:3)
  Terence (D:2)
  Natasha (thrice) (D:3)
  5 adders
  2 worms (D:2)
  2 dart slugs
  A leopard gecko (D:1)
  A giant cockroach (D:2)
  5 goblins
  5 hobgoblins
  A quokka (D:2)
  2 ball pythons
  8 bats
  2 frilled lizards
  8 kobolds
  9 rats
56 creatures vanquished.

Vanquished Creatures (others)
  4 starspawn tentacles (Abyss:2)
4 creatures vanquished.

Grand Total: 60 creatures vanquished

Notes
Turn   | Place    | Note
-------+----------+-------------------------------------------
     0 | Abyss:1  | Arixos the Demonspawn Abyssal Knight began the quest for
                  | the Orb.
     0 | Abyss:1  | Reached XP level 1. HP: 18/18 MP: 2/2
    28 | Abyss:1  | Noticed an insubstantial wisp
    57 | Abyss:1  | Noticed an orb spider
    84 | Abyss:2  | Found a corrupted altar of Lugonu.
   159 | Abyss:2  | Noticed a large abomination
   159 | Abyss:2  | Noticed a tentacled starspawn
   162 | Abyss:2  | Noticed a quasit
   176 | Abyss:2  | Noticed a wretched star
   177 | Abyss:2  | Noticed a neqoxec
   180 | Abyss:2  | Gained mutation: You are frail. (-10% HP) [a neqoxec]
   183 | Abyss:2  | Noticed a large abomination
   186 | Abyss:2  | Noticed a crimson imp
   195 | D:1      | Escaped the Abyss
   206 | D:1      | Reached skill level 1 in Dodging
   258 | D:1      | Reached * piety under Lugonu
   302 | D:1      | Gained mutation: You are partially covered in yellow
                  | scales. (AC +2) [demonic ancestry]
   302 | D:1      | Reached XP level 2. HP: 19/21 MP: 4/4
   713 | D:2      | Reached XP level 3. HP: 24/26 MP: 5/5
   830 | D:2      | Reached ** piety under Lugonu
  1124 | D:2      | Gained mutation: When hurt, damage is shared between your
                  | health and your magic reserves. [demonic ancestry]
  1124 | D:2      | Reached XP level 4. HP: 28/32 MP: 6/6
  1311 | D:2      | Noticed Terence
  1318 | D:2      | Killed Terence
  1587 | D:3      | Noticed Jessica
  1602 | D:3      | Killed Jessica
  1602 | D:3      | Gained mutation: You are mostly covered in yellow scales.
                  | (AC +3) [demonic ancestry]
  1602 | D:3      | Reached XP level 5. HP: 22/37 MP: 2/8
  1859 | D:3      | Noticed Natasha
  1872 | D:3      | Killed Natasha
  2042 | D:3      | Noticed Natasha
  2050 | D:3      | Killed Natasha
  2125 | D:3      | Noticed Natasha
  2134 | D:3      | Killed Natasha
  2143 | D:3      | Noticed Grinder
  2147 | D:3      | Paralysed by Grinder for 7 turns
  2159 | D:3      | Slain by Grinder

Levels and vault maps discovered:
D:1:      eino_arrival_druids_welcome, layout_rooms
D:2:      layout_loops_cross, kennysheep_generic_room_10, uniq_terence
D:3:      layout_loops_corners, minivault_24, uniq_grinder, uniq_natasha,
          uniq_jessica

Skill      XL: |  1  2  3  4  5 |
---------------+----------------+-----
Dodging        | 1 2 |  2.5
Armour         | 2 3 |  3.1
Invocations    | 3 4 |  4.4
Fighting       | 4 |  4.1
Unarmed Combat | |  1.7

Action                   |  1- 3 |  4- 6 || total
-------------------------+-------+-------++-------
Melee: Spear             |   135 |       ||   135
       Punch             |     2 |     2 ||     4
       Short sword       |    42 |     1 ||    43
       Whip              |       |    87 ||    87
Invok: Depart the Abyss  |     1 |       ||     1
  Use: Potion            |       |     7 ||     7
  Eat: Chunk             |     1 |     3 ||     4
Armor: Chain mail        |   160 |    45 ||   205
Dodge: Dodged            |    52 |    26 ||    78

Table legend:
 A = Non-vault XP
 B = Vault XP
 C = Vault XP percentage of total XP
 D = Non-vault monster count
 E = Vault monster count
 F = Vault count percentage of total count
                 A         B        C        D         E       F
            +---------+---------+-------+---------+---------+-------
      Total |     206 |     121 |  37.0 |      52 |       4 |   7.1
            +---------+---------+-------+---------+---------+-------
        D:1 |      33 |       0 |   0.0 |      19 |       0 |   0.0
        D:2 |      83 |      49 |  37.1 |      26 |       2 |   7.1
        D:3 |      90 |      72 |  44.4 |       7 |       2 |  22.2
            +---------+---------+-------+---------+---------+-------
